 Dungeon Sprint DCSS version 0.19.5 (webtiles) character file.

5118 Snowbourne the Maledictor (level 10, -2/44 HPs)
             Began as a Spriggan Enchanter on May 12, 2017.
             Was a Follower of Dithmenos.
             Shot with an arrow by a centaur warrior (25 damage)
             ... in the Dungeon (Sprint I: "Red Sonja").
             The game lasted 00:04:05 (604 turns).

Snowbourne the Maledictor (Spriggan Enchanter)       Turns: 604, Time: 00:04:06

Health: -2/44      AC:  4    Str:  9    XL:     10   Next: 32%
Magic:  15/15      EV: 18    Int: 17    God:    Dithmenos [*.....]
Gold:   717        SH:  0    Dex: 20    Spells: 5 memorised, 2 levels left

rFire  . . .     SeeInvis +     l - +1 dagger (distort)
rCold  . . .     Gourm    .     b - +1 robe
rNeg   . . .     Faith    .     (shield restricted)
rPois  +         Spirit   .     n - +1 hat
rElec  .         Reflect  .     (no cloak)
rCorr  .         Harm     .     (gloves unavailable)
MR     ++...     NoTele   +     (boots unavailable)
Stlth  +++++++++.               (no amulet)
                                (no ring)
                                o - ring of Fioseh {+Fly rPois MR+ Str+5}

@: wreathed by umbra, very quick
A: unfitting armour, see invisible, herbivore 3, speed 3, slow metabolism 2
a: Renounce Religion, Evoke Flight


You were in the Dungeon.
You worshipped Dithmenos.
Dithmenos was aware of your devotion.
You were not hungry.

You visited 1 branch You collected 833 gold pieces.
You spent 97 gold pieces at shops.
You donated 19 gold pieces to Zin.

Inventory:

Hand Weapons
 a - a +1 dagger
 l - a +1 dagger of distortion (weapon)
Armour
 b - a +1 robe (worn)
 n - a +1 hat (worn)
Jewellery
 o - the ring of Fioseh (left hand) {+Fly rPois MR+ Str+5}
   (You found it in the Dungeon)

   [ring of protection from magic]

   It affects your strength (+5).
   It protects you from poison.
   It affects your resistance to hostile enchantments.
   It lets you fly.
Wands
 i - a wand of digging (7/24)
Scrolls
 j - 2 scrolls of blinking
 k - a scroll of identify {unknown}
Potions
 e - 3 potions of curing
 f - a potion of heal wounds
 g - a potion of haste
 h - 2 potions of magic
 m - a potion of cancellation {unknown}
Books
 c - a book of Maledictions

   Spells                             Type                      Level
   a - Corona                         Hexes                        1
   b - Ensorcelled Hibernation        Hexes/Ice                    2
   c - Confuse                        Hexes                        3
   d - Tukima's Dance                 Hexes                        3
   e - Dazzling Spray                 Conjuration/Hexes            3
Comestibles
 d - a bread ration


   Skills:
 - Level 1.1 Short Blades
 - Level 3.0 Dodging
 + Level 20.3 Stealth
 - Level 2.6 Spellcasting
 * Level 21.6 Hexes


You had 2 spell levels left.
You knew the following spells:

 Your Spells              Type           Power        Failure   Level  Hunger
a - Corona                Hex            ######.      0%          1    #......
b - Ensorcelled Hibernat  Hex/Ice        #####.       1%          2    ##.....
c - Confuse               Hex            ######..     0%          3    ###....
d - Dazzling Spray        Conj/Hex       #####.       1%          3    ###....
e - Tukima's Dance        Hex            ######..     0%          3    ###....


Dungeon Overview and Level Annotations

Branches:
Dungeon (1/1)

Altars:
Cheibriados
Dithmenos
Elyvilon
Fedhas
Gozag
Hepliaklqana
Kikubaaqudgha
Makhleb
Nemelex Xobeh
Okawaru
Qazlal
Ru
Sif Muna
Trog
Uskayaw
Vehumet
Xom
Yredelemnul
Zin
The Shining One
Jiyva
Lugonu

Shops:
D [?!%(([


Innate Abilities, Weirdness & Mutations

You are very small and have problems with some larger weapons.
You are too small for most types of armour.
You have supernaturally acute eyesight. (SInv)
You are a herbivore.
You cover ground extremely quickly.
You need consume almost no food.


Message History

There is an open door, spattered with blood here.
You open the door. 2 centaur warriors come into view.
Found 2 scrolls labeled HIECO XOPNE.
There is an open door here.
You enter the shallow water.
Moving in this stuff is going to be slow.
The centaur warrior shouts! x2
The centaur warrior wields a glowing longbow.
It bursts into flame!
The centaur warrior shoots an arrow.
The arrow hits you! The arrow burns you!
You hear a splash.
The centaur warrior misses you.
Found 12 gold pieces.
You see here an arrow.
The centaur warrior shoots an arrow.
The arrow barely misses you.
The centaur warrior wields a shortbow.
The centaur warrior shoots an arrow.
The arrow hits you!!
Ouch! That really hurt!
You die...

#########################
<.#..').#.)'..#__#..'..)#
..').#..'..#..'..'..#...#
..#####'#####'#__####)..+
..####..#...#.####$?#####
..#__####..##(#≈§§.c#
..#_____##'#..+§§§..+
⌠⌠#_.∩...'..._#§§§c.#
###_..__##_.#'##@####
#_____###'#.#[(..###
###########.####'###.##
∩........'...'.....'(∩#
##''''####.).##########
.......####.###
........#.#'#.#
..#.....#.....#
........#.(.).#


You could see 2 centaur warriors.

Vanquished Creatures
  Sonja (D)
  A deep troll (D)
  4 shining eyes (D)
  2 kobold demonologists (D)
  A slime creature (D)
  Sigmund (D)
  A yak (D)
  5 floating eyes (D)
  An ogre (D)
  A jelly (D)
  Ijyb (D)
  2 ballistomycetes (D)
  A ballistomycete spore (D)
22 creatures vanquished.

Vanquished Creatures (others)
  3 shining eyes (D)
  A ballistomycete spore (D)
4 creatures vanquished.

Grand Total: 26 creatures vanquished

Notes
Turn   | Place    | Note
-------+----------+-------------------------------------------
     0 | D        | Snowbourne the Spriggan Enchanter began the quest for the Orb.
     0 | D        | Reached XP level 1. HP: 9/9 MP: 5/5
     2 | D        | Noticed Ijyb
    11 | D        | Killed Ijyb
    11 | D        | Reached skill level 6 in Hexes
    11 | D        | Reached XP level 2. HP: 13/13 MP: 6/6
    41 | D        | Learned a level 2 spell: Ensorcelled Hibernation
    43 | D        | Noticed an ogre
    48 | D        | Killed an ogre
    48 | D        | Reached skill level 9 in Hexes
    48 | D        | Reached XP level 3. HP: 16/16 MP: 5/8
    48 | D        | Reached XP level 4. HP: 21/21 MP: 5/9
    88 | D        | Noticed Sigmund
    90 | D        | Killed Sigmund
    90 | D        | Reached skill level 12 in Hexes
    90 | D        | Reached XP level 5. HP: 24/24 MP: 10/10
   102 | D        | Found a deep blue altar of Sif Muna.
   104 | D        | Found a radiant altar of Vehumet.
   108 | D        | Reached XP level 6. HP: 28/28 MP: 11/11
   124 | D        | Found Eruannef's Food Emporium.
   124 | D        | Found an ancient bone altar of Kikubaaqudgha.
   124 | D        | Found a hazy altar of Hepliaklqana.
   124 | D        | Found a stormy altar of Qazlal.
   124 | D        | Found a hide-covered altar of Uskayaw.
   124 | D        | Found a blossoming altar of Fedhas.
   124 | D        | Found a bloodstained altar of Trog.
   124 | D        | Found an iron altar of Okawaru.
   124 | D        | Found a basalt altar of Yredelemnul.
   124 | D        | Found a glowing golden altar of the Shining One.
   124 | D        | Found a snail-covered altar of Cheibriados.
   124 | D        | Found a sacrificial altar of Ru.
   124 | D        | Found a glowing silver altar of Zin.
   124 | D        | Found a shadowy altar of Dithmenos.
   124 | D        | Found a white marble altar of Elyvilon.
   124 | D        | Noticed a yak
   125 | D        | Found an opulent altar of Gozag.
   126 | D        | Killed a yak
   126 | D        | Reached skill level 13 in Hexes
   127 | D        | Found a sparkling altar of Nemelex Xobeh.
   133 | D        | Became a worshipper of Zin the Law-Giver
   133 | D        | Reached * piety under Zin
   133 | D        | Reached ** piety under Zin
   133 | D        | Reached *** piety under Zin
   133 | D        | Reached **** piety under Zin
   133 | D        | Reached ***** piety under Zin
   133 | D        | Reached ****** piety under Zin
   141 | D        | Noticed Sonja
   145 | D        | Killed Sonja
   145 | D        | Reached skill level 15 in Stealth
   145 | D        | Reached skill level 16 in Hexes
   145 | D        | Reached XP level 7. HP: 32/32 MP: 12/12
   162 | D        | Found Detintuy's Antique Armour Boutique.
   172 | D        | Noticed a shining eye
   172 | D        | Noticed a shining eye
   172 | D        | Noticed a shining eye
   172 | D        | Noticed a shining eye
   172 | D        | Noticed a shining eye
   172 | D        | Noticed a shining eye
   174 | D        | Reached XP level 8. HP: 36/36 MP: 13/13
   175 | D        | Noticed a shining eye
   175 | D        | Noticed a shining eye
   176 | D        | Killed a shining eye
   176 | D        | Reached skill level 17 in Hexes
   179 | D        | Killed a shining eye
   179 | D        | Reached skill level 18 in Hexes
   181 | D        | Paralysed by a floating eye for 2 turns
   185 | D        | Paralysed by a floating eye for 4 turns
   192 | D        | Reached XP level 9. HP: 39/39 MP: 11/14
   203 | D        | Banished a shining eye
   203 | D        | Reached skill level 19 in Hexes
   205 | D        | Banished a shining eye
   214 | D        | Killed a shining eye
   214 | D        | Reached skill level 20 in Hexes
   230 | D        | Killed a shining eye
   247 | D        | Found Jukhi's Antique Weapon Shop.
   247 | D        | Found Owyiw's Magic Scroll Shoppe.
   247 | D        | Found Ockithrugiwk's Weapon Boutique.
   247 | D        | Found Nuisan's Distillery.
   256 | D        | Killed a shining eye
   263 | D        | Bought a scroll of blinking for 97 gold pieces
   283 | D        | Banished a shining eye
   322 | D        | Fell from the grace of Zin
   322 | D        | Became a worshipper of Dithmenos the Shadowed
   339 | D        | Learned a level 3 spell: Confuse
   343 | D        | Learned a level 3 spell: Dazzling Spray
   347 | D        | Learned a level 3 spell: Tukima's Dance
   347 | D        | Noticed a deep troll
   351 | D        | Killed a deep troll
   351 | D        | Reached skill level 21 in Hexes
   351 | D        | Reached XP level 10. HP: 44/44 MP: 15/15
   361 | D        | Found Biddish's Armour Emporium.
   418 | D        | Got a heavily runed amber ring
   419 | D        | Identified the ring of Fioseh {+Fly rPois MR+ Str+5} (You found it in the Dungeon)
   502 | D        | Found a burning altar of Makhleb.
   502 | D        | Found a viscous altar of Jiyva.
   502 | D        | Found a shimmering altar of Xom.
   502 | D        | Found a corrupted altar of Lugonu.
   566 | D        | Reached * piety under Dithmenos
   602 | D        | Noticed a centaur warrior
   602 | D        | Noticed a centaur warrior
   604 | D        | Shot with an arrow by a centaur warrior

Skill      XL: |  1  2  3  4  5  6  7  8  9 10 |
---------------+-------------------------------+-----
Stealth        | 6 9 11 15 17 19 20 | 20.3
Hexes          | 6 9 12 16 18 21 | 21.6
Short Blades   | |  1.1
Dodging        | |  3.0
Spellcasting   | |  2.6

Action                   |  1- 3 |  4- 6 |  7- 9 | 10-12 || total
-------------------------+-------+-------+-------+-------++-------
Melee: Dagger            |    10 |     4 |    44 |    15 ||    73
 Cast: Ensorcelled Hiber |       |       |     3 |     3 ||     6
       Dazzling Spray    |       |       |       |     1 ||     1
Invok: Recite            |       |       |     1 |       ||     1
  Use: Potion            |     1 |       |       |       ||     1
 Stab: Sleeping          |     1 |     4 |     7 |     4 ||    16
Dodge: Dodged            |     4 |       |       |     3 ||     7
